 Dungeon Crawl Stone Soup version 0.30-a0-172-gc5509c9e31 (webtiles) character file.

Game seed: 7018103730137142103

1503 qw the Cleaver (level 8, -11/51 HPs)
             Began as a Gargoyle Fighter on Oct 1, 2022.
             Killed by divine providence
             ... invoked by an orc priest
              (13 damage)
             ... on level 7 of the Dungeon.
             The game lasted 00:01:54 (4899 turns).

qw the Cleaver (Gargoyle Fighter)                   Turns: 4899, Time: 00:01:55

Health: -11/51     AC: 23    Str: 23      XL:     8   Next: 82%
Magic:  7/7        EV: 10    Int:  7 (8)  God:
Gold:   239        SH:  4    Dex:  7 (9)  Spells: 7/7 levels left

rFire   . . .      SeeInvis .    Y - +4 war axe
rCold   . . .      Faith    .    c - +0 buckler
rNeg    + . .      Spirit   .    i - +0 plate armour
rPois   inf        Reflect  .    m - +2 helmet
rElec   +          Harm     .    (no cloak)
rCorr   .          Rampage  .    j - +1 pair of gloves
Will    .....                    (no boots)
Stlth   ..........               q - amulet of regeneration
HPRegen 1.08/turn                b - +4 ring of evasion
MPRegen 0.10/turn                s - +4 ring of slaying {mikee}

@: no status effects
A: sickness immunity, AC +5, negative energy resistance 1, electricity
resistance, torment resistance 1, petrification resistance, low MP 1
a: no special abilities


You were on level 7 of the Dungeon.
You visited 1 branch of the dungeon, and saw 7 of its levels.

You collected 239 gold pieces.


Innate Abilities, Weirdness & Mutations

You are immune to sickness and miasma.
Your stone body is resilient. (AC +5)
You are immune to poison.
You resist negative energy. (rN+)
You are resistant to electric shocks. (rElec)
You are resistant to unholy torment.
You are immune to petrification.
Your magical capacity is low. (-10% MP)


   Skills:
 + Level 5.8 Fighting
 - Level 8.1 Axes
 - Level 1.6 Throwing
 - Level 5.1 Armour
 - Level 1.0 Dodging
 - Level 3.2 Shields


You had 7 spell levels left.
You didn't know any spells.
Your spell library was empty.

Inventory:

Hand Weapons
 h - a +0 flail of protection
 Y - a +4 war axe (weapon)
Missiles
 f - 20 boomerangs
 n - 2 silver boomerangs (quivered)
Armour
 c - a +0 buckler (worn)
 i - a +0 plate armour (worn)
 j - a +1 pair of gloves (worn)
 m - a +2 helmet (worn)
Jewellery
 b - a +4 ring of evasion (left hand)
 q - an amulet of regeneration (around neck)
 s - a +4 ring of slaying (right hand) {mikee}
Scrolls
 l - a scroll of teleportation
 p - a scroll of identify
Potions
 a - a potion of curing
 d - 2 potions of might
 e - 2 potions of lignification
 g - a potion of resistance
 k - 2 potions of mutation
 o - a potion of heal wounds {unknown}

Dungeon Overview and Level Annotations

Branches:
Dungeon (7/15)
 Temple: D:4-7

Altars:
Ashenzari
Makhleb
The Shining One

Shops:
D:1 !

Annotations:
D:3 1 runed translucent door, Crazy Yiuf


Message History

You hit the wyvern.
The wyvern is almost dead.
You slash the orc!
You kill the orc!
You slash the orc priest! You barely miss the centaur.
The centaur hits you but does no damage.
The centaur kicks you but does no damage.
The wyvern bites you.
The centaur hits you but does no damage.
The centaur kicks you but does no damage.
The orc priest hits you with a +0 club.
You barely miss the wyvern.
The wyvern is almost dead.
You barely miss the orc priest. You hit the centaur but do no damage.
The centaur hits you but does no damage.
You block the centaur's attack. The wyvern barely misses you.
The orc priest calls down the wrath of Beogh upon you.
Pain shoots through your body! You block the centaur's attack.
The centaur closely misses you.
You barely miss the wyvern.
The wyvern is almost dead.
You hit the centaur. You hit the orc priest.
You hit the wyvern but do no damage. You block the wyvern's attack.
The wyvern bites you but does no damage.
The centaur hits you. The centaur kicks you. You block the orc priest's attack.
The orc priest casts a cantrip, but nothing happens.
The wyvern bites you but does no damage.
The wyvern closely misses you.
You slash the wyvern!
You kill the wyvern!
You closely miss the orc priest. You closely miss the wyvern.
You slash the centaur!
You kill the centaur!
You block the wyvern's attack.
The orc priest invokes the aid of Beogh against you.
Beogh smites you!
The orc priest calls down the wrath of Beogh upon you.
Beogh smites you!
You die...

..........# .. #....
.....$....# ..####..
........(.+ ........
..........# ##.#...
..........# #.#...
..........# #.....
..........##########....
......o))...(....####.(.
......l@.........'..#...
####.oo##........##.....
###. ##+########..... #.
#../.... .. #....... ..
#....... ... #....###
... #....# .....#


You could see a wyvern and 3 orc priests.

Vanquished Creatures
  A wyvern (D:7)
  Edmund (D:5)
  A water moccasin (D:6)
  2 black bears (D:5)
  An orc warrior (D:5)
  2 ogres
  3 centaurs
  2 scorpions
  A howler monkey (D:4)
  2 jellies
  2 hounds (D:5)
  3 orc priests
  2 iguanas
  An orc wizard (D:6)
  4 gnolls
  5 adders
  A shadow imp (D:5)
  2 white imps
  2 worms
  4 dart slugs
  30 orcs
  3 ball pythons
  7 bats
  6 endoplasms
  2 giant cockroaches
  6 goblins
  3 hobgoblins
  4 kobolds
  4 quokkas
  2 frilled lizards (D:1)
  11 rats
120 creatures vanquished.

Notes
Turn   | Place    | Note
-------+----------+-------------------------------------------
     0 | D:1      | qw the Gargoyle Fighter began the quest for the Orb.
     0 | D:1      | Reached XP level 1. HP: 14/14 MP: 1/1
     0 | D:1      | 0 ||| qw: Version: 0.2-a-13-gfc7b4b4
     0 | D:1      | 0 ||| qw: Game counter: 1803
     0 | D:1      | 0 ||| qw: Always use a shield: true
     0 | D:1      | 0 ||| qw: God list: Okawaru
     0 | D:1      | 0 ||| qw: Allow faded altars: false
     0 | D:1      | 0 ||| qw: Do Orc after D:15 true
     0 | D:1      | 0 ||| qw: Do second Lair branch before Depths: true
     0 | D:1      | 0 ||| qw: Lair rune preference: random
     0 | D:1      | 0 ||| qw: Plans: Normal, Zot:1-4, God:TSO, Crypt, Tomb,
                  | Pan, Slime:5, Hells, Abyss, Orb
     0 | D:1      | 0 ||| PLANNING D:1-11
    68 | D:1      | Reached skill level 2 in Axes
   113 | D:1      | Found Biumurph's Distillery.
   120 | D:1      | 120 ||| SHOPLISTING 2 potions of heal wounds (100 gold,
                  | have 0).
   120 | D:1      | 120 ||| SHOPLISTING potion of curing (30 gold, have 0).
   120 | D:1      | 120 ||| SHOPLISTING potion of haste (100 gold, have 0).
   120 | D:1      | 120 ||| SHOPLISTING potion of lignification (30 gold, have
                  | 0).
   163 | D:1      | Reached XP level 2. HP: 7/19 MP: 2/2
   584 | D:1      | Reached skill level 3 in Axes
   584 | D:1      | Reached XP level 3. HP: 15/23 MP: 3/3
   628 | D:1      | 628 ||| DROPPING +0 club.
   857 | D:1      | 857 ||| UPGRADING to +2 helmet.
   862 | D:1      | 862 ||| DROPPING amulet of faith.
   863 | D:1      | 863 ||| READING scroll labelled QEUTREYQES.
   864 | D:1      | 864 ||| READING scroll labelled OSSEKY AS TUA.
   865 | D:1      | 865 ||| READING scroll labelled RUCLEC IQIOXTU.
   866 | D:1      | 866 ||| READING scroll labelled BESTRIT ZIPP.
   867 | D:1      | 867 ||| DRINKING 2 golden potions.
   868 | D:1      | 868 ||| DROPPING potion of flight.
   960 | D:2      | 960 ||| Stepping ~*~*~tactically~*~*~ (hiding).
  1136 | D:2      | Identified the +1 scale mail of Xecrus {Dex+4}
  1309 | D:2      | Reached XP level 4. HP: 28/28 MP: 4/4
  1666 | D:2      | 1666 ||| Stepping ~*~*~tactically~*~*~ (hiding).
  1830 | D:2      | 1830 ||| UPGRADING to +1 scale mail of Xecrus {Dex+4}.
  1840 | D:2      | 1840 ||| DROPPING +0 scale mail.
  1841 | D:2      | 1841 ||| DROPPING orb of mayhem.
  1842 | D:2      | 1842 ||| UPGRADING to amulet of the acrobat.
  1847 | D:2      | 1847 ||| UPGRADING to amulet of regeneration.
  1857 | D:2      | 1857 ||| DROPPING amulet of the acrobat.
  1858 | D:2      | 1858 ||| DROPPING +6 ring of intelligence.
  1859 | D:2      | 1859 ||| READING scroll labelled VANWOGHOSEQA.
  1863 | D:2      | 1863 ||| READING scroll labelled XYHUBI QEWOXOY.
  1945 | D:3      | Reached skill level 4 in Axes
  1945 | D:3      | 1945 ||| Stepping ~*~*~tactically~*~*~ (stealth).
  2090 | D:3      | 2090 ||| FLEEEEING.
  2094 | D:3      | 2094 ||| Stepping ~*~*~tactically~*~*~ (hiding).
  2139 | D:3      | 2139 ||| Stepping ~*~*~tactically~*~*~ (stealth).
  2140 | D:3      | 2140 ||| Stepping ~*~*~tactically~*~*~ (stealth).
  2282 | D:3      | Reached skill level 1 in Dodging
  2542 | D:3      | Found a runed translucent door.
  2543 | D:3      | Noticed Crazy Yiuf
  2546 | D:3      | 2546 ||| UPGRADING to +0 chain mail.
  2556 | D:3      | 2556 ||| DROPPING +1 scale mail of Xecrus {Dex+4}.
  2557 | D:3      | 2557 ||| DROPPING amulet of guardian spirit.
  2558 | D:3      | 2558 ||| UPGRADING to +4 ring of evasion.
  2559 | D:3      | 2559 ||| UPGRADING to +4 ring of slaying {mikee}.
  2560 | D:3      | 2560 ||| READING scroll labelled ORAOGO INETOI.
  2565 | D:3      | 2565 ||| READING scroll labelled KOZIES XUFOTZ.
  2566 | D:3      | 2566 ||| READING 2 scrolls labelled NEHADELELIOJ.
  2567 | D:3      | 2567 ||| READING scroll labelled UFEINA SYPSYFO.
  2568 | D:3      | 2568 ||| DRINKING 2 grey potions.
  2568 | D:3      | Gained mutation: Your magical capacity is low. (-10% MP)
                  | [potion of mutation]
  2568 | D:3      | Gained mutation: Armour fits poorly on your strangely
                  | shaped body. [potion of mutation]
  2568 | D:3      | Lost mutation: Armour fits poorly on your strangely shaped
                  | body. [potion of mutation]
  2569 | D:3      | 2569 ||| READING 3 scrolls of identify.
  2569 | D:3      | 2569 ||| IDENTIFYING fuming puce potion
  2570 | D:3      | 2570 ||| READING 2 scrolls of identify.
  2570 | D:3      | 2570 ||| IDENTIFYING puce potion
  2571 | D:3      | 2571 ||| DROPPING potion of berserk rage.
  2572 | D:3      | 2572 ||| DROPPING scroll of vulnerability.
  2636 | D:4      | Reached XP level 5. HP: 32/32 MP: 4/4
  2652 | D:4      | 2652 ||| READING scroll of enchant weapon.
  2652 | D:4      | 2652 ||| ENCHANTING +1 war axe.
  2667 | D:4      | 2667 ||| READING scroll of enchant weapon.
  2667 | D:4      | 2667 ||| ENCHANTING +2 war axe.
  2775 | D:4      | Reached skill level 5 in Axes
  2793 | D:4      | 2793 ||| READING scroll of enchant weapon.
  2793 | D:4      | 2793 ||| ENCHANTING +3 war axe.
  2812 | D:4      | Paralysed by a hobgoblin for 4 turns
  2821 | D:4      | Reached XP level 6. HP: 38/38 MP: 5/5
  2971 | D:4      | 2971 ||| Stepping ~*~*~tactically~*~*~ (hiding).
  2973 | D:4      | 2973 ||| Stepping ~*~*~tactically~*~*~ (hiding).
  3110 | D:4      | 3110 ||| DRINKING 2 brown potions.
  3238 | D:4      | 3238 ||| STAIRDANCE
  3242 | D:4      | 3242 ||| STAIRDANCE
  3246 | D:4      | 3246 ||| STAIRDANCE
  3250 | D:4      | 3250 ||| STAIRDANCE
  3254 | D:4      | 3254 ||| STAIRDANCE
  3258 | D:4      | 3258 ||| STAIRDANCE
  3262 | D:4      | 3262 ||| STAIRDANCE
  3266 | D:4      | 3266 ||| STAIRDANCE
  3270 | D:4      | 3270 ||| STAIRDANCE
  3274 | D:4      | 3274 ||| STAIRDANCE
  3278 | D:4      | 3278 ||| STAIRDANCE
  3282 | D:4      | 3282 ||| STAIRDANCE
  3286 | D:4      | 3286 ||| STAIRDANCE
  3290 | D:4      | 3290 ||| STAIRDANCE
  3294 | D:4      | 3294 ||| STAIRDANCE
  3298 | D:4      | 3298 ||| STAIRDANCE
  3302 | D:4      | 3302 ||| STAIRDANCE
  3306 | D:4      | 3306 ||| STAIRDANCE
  3310 | D:4      | 3310 ||| STAIRDANCE
  3314 | D:4      | 3314 ||| STAIRDANCE
  3361 | D:5      | Entered Level 5 of the Dungeon
  3392 | D:5      | 3392 ||| Stepping ~*~*~tactically~*~*~ (hiding).
  3396 | D:5      | 3396 ||| Stepping ~*~*~tactically~*~*~ (hiding).
  3401 | D:5      | Noticed Edmund
  3415 | D:5      | Killed Edmund
  3416 | D:5      | Reached skill level 6 in Axes
  3422 | D:5      | Reached XP level 7. HP: 43/43 MP: 6/6
  3425 | D:5      | 3425 ||| DROPPING +0 flail.
  3496 | D:5      | 3496 ||| Stepping ~*~*~tactically~*~*~ (stealth).
  3510 | D:5      | 3510 ||| Stepping ~*~*~tactically~*~*~ (stealth).
  3518 | D:5      | 3518 ||| Stepping ~*~*~tactically~*~*~ (stealth).
  3529 | D:5      | 3529 ||| Stepping ~*~*~tactically~*~*~ (stealth).
  3543 | D:5      | 3543 ||| Stepping ~*~*~tactically~*~*~ (stealth).
  3544 | D:5      | 3544 ||| Stepping ~*~*~tactically~*~*~ (stealth).
  3546 | D:5      | 3546 ||| Stepping ~*~*~tactically~*~*~ (hiding).
  3553 | D:5      | Reached skill level 7 in Axes
  3704 | D:5      | Found a broken altar of Ashenzari.
  3745 | D:5      | Found a burning altar of Makhleb.
  3871 | D:5      | Reached skill level 1 in Throwing
  3871 | D:5      | Reached XP level 8. HP: 49/49 MP: 7/7
  3905 | D:5      | 3905 ||| UPGRADING to +0 plate armour.
  3915 | D:5      | 3915 ||| UPGRADING to +0 plate armour.
  3920 | D:5      | 3920 ||| UPGRADING to +1 pair of gloves.
  3925 | D:5      | 3925 ||| DROPPING +0 chain mail.
  3947 | D:5      | 3947 ||| DRINKING 2 green potions.
  3948 | D:5      | 3948 ||| DRINKING 2 bubbling pink potions.
  3949 | D:5      | 3949 ||| DROPPING potion of degeneration.
  4167 | D:6      | Reached skill level 8 in Axes
  4317 | D:6      | Found a glowing golden altar of the Shining One.
  4352 | D:6      | 4352 ||| Stepping ~*~*~tactically~*~*~ (stealth).
  4354 | D:6      | 4354 ||| Stepping ~*~*~tactically~*~*~ (hiding).
  4387 | D:6      | 4387 ||| FLEEEEING.
  4457 | D:6      | 4457 ||| Stepping ~*~*~tactically~*~*~ (stealth).
  4735 | D:6      | 4735 ||| DROPPING +4 ring of protection.
  4811 | D:7      | 4811 ||| Stepping ~*~*~tactically~*~*~ (hiding).
  4812 | D:7      | 4812 ||| Stepping ~*~*~tactically~*~*~ (hiding).
  4844 | D:7      | 4844 ||| Stepping ~*~*~tactically~*~*~ (stealth).
  4880 | D:7      | 4880 ||| Stepping ~*~*~tactically~*~*~ (stealth).
  4888 | D:7      | Noticed a wyvern
  4889 | D:7      | Noticed a wyvern
  4899 | D:7      | Killed a wyvern
  4899 | D:7      | HP: 2/51 [orc priest/divine providence (13)]
  4899 | D:7      | Killed from afar by an orc priest

Levels and vault maps discovered:
D:1:      erik_arrival_cave_to_civilisation [erik_arrival_cave_to_hall],
          layout_basic, serial_shops, shop
D:2:      minmay_evil_eye, layout_loops_corners
D:3:      minmay_inner_zag, layout_rooms, uniq_crazy_yiuf_cottage
D:4:      layout_rooms
D:5:      layout_rooms, mainiacjoe_overflow_two_lobes,
          kennysheep_generic_room_9, uniq_edmund
D:6:      layout_cave_pods, mainiacjoe_overflow_surrounded_room
D:7:      layout_basic, minmay_temple_entry_statues

Skill      XL: |  1  2  3  4  5  6  7  8 |
---------------+-------------------------+-----
Axes           | 2 3 4 5 6 7 8 |  8.1
Dodging        | 1 |  1.0
Fighting       | 4 5 |  5.8
Throwing       | 1 |  1.6
Armour         | 5 |  5.1
Shields        | |  3.2

Action                   |  1- 3 |  4- 6 |  7- 9 || total
-------------------------+-------+-------+-------++-------
Melee: War axe           |    77 |   110 |    92 ||   279
Throw: Boomerang         |     5 |    39 |    30 ||    74
  Use: Scroll            |     4 |    11 |       ||    15
       Potion            |     1 |     2 |     2 ||     5
 Stab: Distracted        |       |     1 |       ||     1
Armor: Scale mail        |    34 |    22 |       ||    56
       Chain mail        |       |    28 |    27 ||    55
       Plate armour      |       |       |    42 ||    42
       Skin              |       |       |     3 ||     3
Dodge: Dodged            |    26 |    42 |    63 ||   131
Block: Buckler           |    11 |    12 |    20 ||    43

Table legend:
 A = Non-vault XP
 B = Vault XP
 C = Vault XP percentage of total XP
 D = Non-vault monster count
 E = Vault monster count
 F = Vault count percentage of total count
                 A         B        C        D         E       F
            +---------+---------+-------+---------+---------+-------
      Total |    2161 |     309 |  12.5 |     110 |      10 |   8.3
            +---------+---------+-------+---------+---------+-------
        D:1 |      42 |       3 |   6.7 |      18 |       2 |  10.0
        D:2 |      43 |       7 |  14.0 |      12 |       3 |  20.0
        D:3 |      39 |       6 |  13.3 |      13 |       3 |  18.8
        D:4 |     222 |       0 |   0.0 |      20 |       0 |   0.0
        D:5 |     783 |     293 |  27.2 |      18 |       2 |  10.0
        D:6 |     681 |       0 |   0.0 |      20 |       0 |   0.0
        D:7 |     351 |       0 |   0.0 |       9 |       0 |   0.0
            +---------+---------+-------+---------+---------+-------
